 Dungeon Crawl Stone Soup version 0.25-a0-294-gea9b1ad378 (webtiles) character file.

Game seed: 4398546583073776681, levelgen mode: deterministic

52 Hufflaw the Conjurer (level 3, -1/14 HPs)
             Began as a Felid Conjurer on Dec 19, 2019.
             Slain by an orc priest
             ... wielding a +0 trident
              (6 damage)
             ... on level 4 of the Dungeon.
             The game lasted 00:11:26 (1812 turns).

Hufflaw the Conjurer (Felid Conjurer)               Turns: 1812, Time: 00:11:27

Health: -1/14      AC:  1    Str:  4    XL:     3   Next: 60%
Magic:  0/8        EV: 18    Int: 17    God:
Gold:   64         SH:  0    Dex: 16    Spells: 6/7 levels left
                                        Lives:  0   Deaths: 1

rFire    . . .     SeeInvis +     - Unarmed
rCold    . . .     Gourm    .   (shield unavailable)
rNeg     . . .     Faith    .   (armour unavailable)
rPois    .         Spirit   .   (helmet unavailable)
rElec    .         Reflect  .   (cloak unavailable)
rCorr    .         Harm     .   (gloves unavailable)
MR       .....                  (boots unavailable)
Stlth    +++.......             (no amulet)
HPRegen  0.04/turn              (no ring)
MPRegen  0.11/turn              (no ring)

@: very slightly contaminated, quick
A: very small, no armour, no weapons or thrown items, stealth, claws 1, fangs 3,
see invisible, carnivore, speed 1, shaggy fur 1, slow metabolism 1, sharp paws
a: no special abilities


You were on level 4 of the Dungeon.
You were not hungry.

You visited 1 branch of the dungeon, and saw 4 of its levels.

You collected 64 gold pieces.

Inventory:

Jewellery
 a - an uncursed ring of poison resistance {unknown}
 e - an uncursed ring of stealth {unknown}
Scrolls
 c - a scroll of identify {unknown}
 d - a scroll of immolation {unknown}
Comestibles
 b - 2 rations


   Skills:
 + Level 3.2 Dodging
 + Level 3.2 Stealth
 + Level 1.2 Unarmed Combat
 + Level 2.7 Spellcasting
 + Level 4.6 Conjurations


You had 6 spell levels left.
You knew the following spells:

 Your Spells              Type           Power        Failure   Level  Hunger
a - Magic Dart            Conj           ###.         2%          1    #......

Your spell library contained the following spells:

 Spells                   Type           Power        Failure   Level  Hunger
 Searing Ray              Conj           ###...       4%          2    ##.....
 Dazzling Flash           Conj/Hex       ##....       22%         3    ###....
 Fulminant Prism          Conj/Hex       ##........   56%         4    #####..
 Iskenderun's Mystic Bla  Conj/Tloc      ##......     56%         4    #####..


Dungeon Overview and Level Annotations

Branches:
Dungeon (4/15)
 Temple: D:4-7

Altars:
Makhleb
Zin
The Shining One


Innate Abilities, Weirdness & Mutations

You cannot wear armour.
You are incapable of wielding weapons or throwing items.
Your paws allow you to move quietly. (Stealth)
You have sharp claws.
You have razor-sharp teeth.
You have supernaturally acute eyesight. (SInv)
You are carnivorous and can eat meat at any time.
You cover ground quickly.
You are covered in fur. (AC +1)
You have a slow metabolism.
Your sharp claws are effective at attacking unaware monsters.


Message History

Aiming: Magic Dart (safe; 2% risk of failure)
Press: ? - help, Shift-Dir - straight line, f/p - orc priest
Aim: an orc priest, wielding a +0 trident and wearing a +0 leather armour (lightly wounded)
The magic dart hits the orc priest.
The orc priest is heavily wounded.
The orc priest casts a cantrip, but nothing happens.
The orc priest looks braver for a moment.
The orc priest invokes the aid of Beogh against you.
Pain shoots through your body!
Casting: Magic Dart (safe; 2% risk of failure)
Confirm with . or Enter, or press ? or * to list all spells.
Aiming: Magic Dart (safe; 2% risk of failure)
Press: ? - help, Shift-Dir - straight line, f/p - orc priest
Aim: an orc priest, wielding a +0 trident and wearing a +0 leather armour (heavily wounded)
The magic dart hits the orc priest.
The orc priest is severely wounded.
The orc priest hits you from afar with a +0 trident!
Ouch! That really hurt!
The orc priest hits you from afar with a +0 trident.
You die...

........#.#...........
#.#
.o......#.#.##.#######
#.#
.o###.#.#.#........o..
#.# .
..#.#.#.#.########
######.##
##.#.).a..<.......
.........#
#.....#######....
#######..# ##.... ....
.. #..#
..#...###.##### #..#
..........@...# #..#
..)...........# # #..#
..>.......o..## #.#..#
.#..(..<..# o###.#..#
.#....#...# ....a....
#.........## ####.#..#
###.##....# #.#..# ##
#.#### # #..# ....
#..#


You could see an orc priest.

Vanquished Creatures
  An orc wizard (D:4)
  A worker ant (D:4)
  An adder (D:2)
  An ooze (D:2)
  A leopard gecko (D:1)
  4 orcs (D:4)
  2 giant cockroaches (D:2)
  6 goblins
  5 hobgoblins
  6 kobolds
  A quokka (D:2)
  7 bats
  5 frilled lizards (D:2)
  4 rats
45 creatures vanquished.

Notes
Turn   | Place    | Note
-------+----------+-------------------------------------------
     0 | D:1      | Hufflaw the Felid Conjurer began the quest for the Orb.
     0 | D:1      | Reached XP level 1. HP: 7/7 MP: 4/4
   216 | D:2      | Reached skill level 4 in Conjurations
   253 | D:2      | Reached XP level 2. HP: 6/11 MP: 4/6
   563 | D:2      | Reached XP level 3. HP: 12/14 MP: 3/7
   628 | D:2      | Found a glowing silver altar of Zin.
   628 | D:2      | Found a burning altar of Makhleb.
   629 | D:2      | Noticed a cacodemon
   629 | D:2      | Noticed an angel
   682 | D:2      | Found a glowing golden altar of the Shining One.
  1492 | D:4      | Noticed a phantom
  1549 | D:4      | Reached XP level 4. HP: 10/18 MP: 8/8
  1555 | D:4      | Reached skill level 1 in Unarmed Combat
  1740 | D:3      | Slain by a worm
  1741 | D:3      | Reached XP level 3. HP: 0/14 MP: 1/7
  1812 | D:4      | Slain by an orc priest

Levels and vault maps discovered:
D:1:      evilmike_arrival_crescent, layout_rooms, minmay_misc_feat_columns,
          dk_noncrumbling_2
D:2:      layout_loops_corners, grunt_temple_overflow_order_and_chaos_2,
          tso_altar
D:3:      minmay_diamond_boxcup, layout_rooms, tgw_trog, old_standard_altar,
          kiku_gazebo_garden_becter, first_ration, gammafunk_ghost_cemetery,
          okawaru_altar_gauntlet_db, uniq_grinder
D:4:      minmay_spotlight, layout_basic

Skill      XL: |  1  2  3  4 |
---------------+-------------+-----
Conjurations   | 4 |  4.6
Dodging        | 3 |  3.2
Stealth        | 3 |  3.2
Unarmed Combat | 1 |  1.2
Spellcasting   | |  2.7

Action                   |  1- 3 |  4- 6 || total
-------------------------+-------+-------++-------
Melee: Unarmed           |    35 |    15 ||    50
       Bite              |     1 |     3 ||     4
 Cast: Magic Dart        |    81 |    24 ||   105
  Use: Scroll            |       |     2 ||     2
       Potion            |       |     1 ||     1
 Stab: Sleeping          |     1 |       ||     1
  Eat: Ration            |     1 |       ||     1
Armor: Skin              |     5 |       ||     5
Dodge: Dodged            |    57 |    20 ||    77

Table legend:
 A = Non-vault XP
 B = Vault XP
 C = Vault XP percentage of total XP
 D = Non-vault monster count
 E = Vault monster count
 F = Vault count percentage of total count
                 A         B        C        D         E       F
            +---------+---------+-------+---------+---------+-------
      Total |     123 |      33 |  21.2 |      43 |       2 |   4.4
            +---------+---------+-------+---------+---------+-------
        D:1 |       8 |       0 |   0.0 |       4 |       0 |   0.0
        D:2 |      55 |       0 |   0.0 |      26 |       0 |   0.0
        D:3 |      12 |       1 |   7.7 |       7 |       1 |  12.5
        D:4 |      48 |      32 |  40.0 |       6 |       1 |  14.3
            +---------+---------+-------+---------+---------+-------
